 Dungeon Crawl Stone Soup version 0.30-a0-1043-g60ff8d5f49 (webtiles) character file.

Game seed: 6533915872958057734

399 xian the Charlatan (level 6, -4/44 HPs)
             Began as a Demonspawn Artificer on Apr 10, 2023.
             Was a Follower of Okawaru.
             Killed by divine providence
             ... invoked by an orc priest
              (14 damage)
             ... on level 4 of the Dungeon on Apr 11, 2023.
             The game lasted 00:08:48 (3618 turns).

xian the Charlatan (Demonspawn Artificer)           Turns: 3618, Time: 00:08:49

Health: -4/44      AC: 10    Str: 12    XL:     6   Next: 54%
Magic:  6/6        EV:  9    Int: 14    God:    Okawaru [*.....]
Gold:   159        SH:  0    Dex: 11    Spells: 5/5 levels left

rFire   . . .      SeeInvis .    g - +0 short sword
rCold   . . .      Faith    .    (no shield)
rNeg    . . .      Spirit   .    s - +1 scale mail of the Gusle {Will+ rCorr Dex-3}
rPois   .          Reflect  .    u - +0 helmet
rElec   .          Rampage  .    (no cloak)
rCorr   +                        (no gloves)
Will    +....                    p - +0 pair of boots Stlth
                                 (no amulet)
HPRegen 0.27/turn                (no ring)
MPRegen 0.10/turn                (no ring)

@: no status effects
A: claws 1, hooves 1, (demonic guardian 1)
a: Renounce Religion, Heroism


You were on level 4 of the Dungeon.
You worshipped Okawaru.
Okawaru was aware of your devotion.
You visited 1 branch of the dungeon, and saw 4 of its levels.

You collected 235 gold pieces.
You spent 76 gold pieces at shops.

Inventory:

Hand Weapons
 g - a +0 short sword (weapon)
Missiles
 m - 7 stones
 q - 2 poisoned darts
Armour
 p - a +0 pair of boots (worn)
 s - the +1 scale mail of the Gusle (worn) {Will+ rCorr Dex-3}
   (You found it on level 3 of the Dungeon)

   Dex:       It affects your dexterity (-3).
   rCorr:     It protects you from acid and corrosion.
   Will:      It increases your willpower.
 u - a +0 helmet (worn)
Magical Staves
 o - a staff of earth
Wands
 d - a wand of charming (15)
 e - a wand of iceblast (3)
Scrolls
 f - a scroll of teleportation {unknown}
 h - a scroll of summoning {unknown}
 i - 5 scrolls of identify {unknown}
 r - 2 scrolls of magic mapping {unknown}
 t - a scroll of amnesia {unknown}
Potions
 a - a potion of brilliance {unknown}
 b - a potion of haste {unknown}
 j - a potion of curing {unknown}
 k - a potion of degeneration {unknown}
 l - a potion of attraction {unknown}
 n - a potion of ambrosia {unknown}


   Skills:
 + Level 2.2 Fighting
 + Level 2.7 Short Blades
 + Level 1.3 Maces & Flails
 + Level 0.5 Throwing
 + Level 3.3 Armour
 + Level 2.3 Dodging
 + Level 1.1 Stealth
 + Level 4.1 Evocations


You had 5 spell levels left.
You didn't know any spells.
Your spell library contained the following spells:

 Spells                   Type           Power      Damage    Failure   Level
 Apportation              Tloc           0%         N/A       80%         1
 Anguish                  Hex/Necr       0%         N/A       100%        4
 Alistair's Intoxication  Tmut/Pois      0%         N/A       100%        5
 Enfeeble                 Hex            0%         N/A       100%        7


Dungeon Overview and Level Annotations

Branches:
Dungeon (4/15)
 Temple: D:4-7

Altars:
Ashenzari
Okawaru
Qazlal

Shops:
D:4 [


Innate Abilities, Weirdness & Mutations

You have sharp fingernails.
You have large cloven feet.
((A weak demonic guardian rushes to your aid.))


Message History

Unknown command.
You completely miss the orc warrior.
The orc warrior is severely wounded.
You hit the orc warrior but do no damage.
The orc warrior is severely wounded.
The orc warrior barely misses you.
You closely miss the orc warrior.
The orc warrior is severely wounded.
The orc warrior hits you with a +0 flail.
Unknown command.
You hit the orc warrior.
The orc warrior is almost dead.
The orc warrior closely misses you.
You hit the orc warrior but do no damage.
The orc warrior is almost dead.
The orc warrior hits you but does no damage.
The orc priest calls upon Beogh to heal the orc warrior.
The orc warrior is healed somewhat.
Unknown command.
You hit the orc warrior.
The orc warrior is severely wounded.
The orc warrior closely misses you.
The orc priest invokes the aid of Beogh against you.
Beogh smites you!
* * * LOW HITPOINT WARNING * * *
Unknown command.
Aiming: Throw Flame
Press: ? - help, Shift-Dir - straight line, f/p - orc warrior
Aim: an orc warrior, wielding a +0 flail and wearing a +0 plate armour (severely wounded, 71% to hit)
The puff of flame misses the orc warrior.
The puff of flame hits the orc priest.
The orc priest is moderately wounded.
The now-empty wand crumbles to dust.
The orc warrior hits you with a +0 flail.
* * * LOW HITPOINT WARNING * * *
You closely miss the orc warrior.
The orc warrior is severely wounded.
The orc priest calls down the wrath of Beogh upon you.
Beogh smites you!
You die...

........oo........###
.####.o..............
#.#####))....... #.
#.#####.# #.# # #†#
##..# #.# #.###...## #.#
##o##.....###.#
#.####.o...........#
#.....@#.......###.# #
...####...##....###.####
##....#.#.†).....#
....##.#...##..#.#
###.###..#..##.....
#.##...#..##.....
#..............##
###.[.#.###.#.# ##.##.#
#.#.#


You could see an orc warrior and an orc priest.

Vanquished Creatures
  Grinder (D:3)
  An orc priest (D:4)
  An orc wizard (D:4)
  3 adders
  4 gnolls
  An ufetubus (D:4)
  A worm (D:3)
  3 dart slugs
  An orc (D:3)
  3 ball pythons
  2 endoplasms
  6 giant cockroaches
  3 hobgoblins
  6 jackals
  4 quokkas
  4 bats
  4 frilled lizards
  7 goblins
  8 kobolds
  6 rats
69 creatures vanquished.

Vanquished Creatures (collateral kills)
  2 endoplasms (D:1)
  A hobgoblin (D:1)
  A kobold (D:1)
4 creatures vanquished.

Grand Total: 73 creatures vanquished

Notes
Turn   | Place    | Note
-------+----------+-------------------------------------------
     0 | D:1      | xian the Demonspawn Artificer began the quest for the Orb.
     0 | D:1      | Reached XP level 1. HP: 15/15 MP: 1/1
   121 | D:1      | Gained mutation: A weak demonic guardian rushes to your
                  | aid. [demonic ancestry]
   121 | D:1      | Reached XP level 2. HP: 12/21 MP: 2/2
   221 | D:1      | Reached skill level 1 in Dodging
   326 | D:1      | Discovered your monstrous ancestry.
   326 | D:1      | Gained mutation: You have sharp fingernails. [demonic
                  | ancestry]
   326 | D:1      | Reached XP level 3. HP: 20/26 MP: 3/3
  1213 | D:2      | Found a faded altar of an unknown god.
  1267 | D:2      | Reached skill level 1 in Maces & Flails
  1517 | D:2      | Found an iron altar of Okawaru.
  1527 | D:2      | Became a worshipper of Warmaster Okawaru
  2034 | D:3      | Noticed Grinder
  2034 | D:3      | Paralysed by Grinder for 4 turns
  2040 | D:3      | Paralysed by Grinder for 3 turns
  2048 | D:3      | Paralysed by Grinder for 2 turns
  2053 | D:3      | Killed Grinder
  2053 | D:3      | Reached * piety under Okawaru
  2054 | D:3      | Reached skill level 1 in Stealth
  2054 | D:3      | Reached skill level 4 in Evocations
  2054 | D:3      | Gained mutation: You have large cloven feet. [demonic
                  | ancestry]
  2054 | D:3      | Reached XP level 4. HP: 28/33 MP: 4/4
  2054 | D:3      | Reached XP level 5. HP: 32/38 MP: 5/5
  2162 | D:3      | Reached XP level 6. HP: 9/44 MP: 6/6
  2567 | D:3      | Found a broken altar of Ashenzari.
  2694 | D:3      | Identified the +1 scale mail of the Gusle {Will+ rCorr
                  | Dex-3}
  2993 | D:3      | Found a faded altar of an unknown god.
  3002 | D:3      | Found an iron altar of Okawaru.
  3132 | D:4      | Found a stormy altar of Qazlal.
  3565 | D:4      | Found Lifaneur's Antique Armour Shop.
  3573 | D:4      | Bought a helmet for 76 gold pieces
  3591 | D:4      | Noticed an orc warrior
  3618 | D:4      | Killed from afar by an orc priest

Illustrated notes

Levels and vault maps discovered:
D:1:      dpeg_arrival_houses_and_road, layout_basic
D:2:      layout_loops_ring, basic_altar, ebering_ecumenical_altar_box,
          hangedman_decor_clover_reticule
D:3:      layout_loops_ring, ashenzari_altar_1,
          nicolae_overflow_ecumenical_swirl, uniq_grinder
D:4:      layout_loops_ring, nicolae_qazlal_scattered_showers, serial_shops,
          shop

Skill      XL: |  1  2  3  4  5 |
---------------+----------------+-----
Armour         | 2 3 |  3.3
Dodging        | 1 2 |  2.3
Maces & Flails | 1 |  1.3
Short Blades   | 2 |  2.7
Stealth        | 1 |  1.1
Evocations     | 4 |  4.1
Fighting       | 2 |  2.2
Throwing       | |  0.5

Action                     |  1- 3 |  4- 6 || total
---------------------------+-------+-------++-------
  Melee: Club              |    81 |       ||    81
         Short sword       |    89 |   171 ||   260
         Kick              |       |    15 ||    15
         Punch             |       |     1 ||     1
  Throw: Stone             |       |    20 ||    20
  Evoke: Wand              |    12 |     5 ||    17
 Armour: Leather armour    |    56 |       ||    56
         Plate armour      |     7 |    48 ||    55
         Scale mail        |       |    43 ||    43
  Dodge: Dodged            |   142 |    63 ||   205

Table legend: (Time is in decaauts)
 A = Elapsed time spent in this place.
 B = Non-inter-level travel time spent in this place.
 C = Inter-level travel time spent in this place.
 D = Time resting spent in this place.
 E = Time spent auto-exploring this place.
 F = Levels seen in this place.
 G = Mean time per level.
                   A        B        C        D        E       F      G
               +--------+--------+--------+--------+--------+-----+--------+
         Total |   3623 |   3518 |    105 |      0 |   2449 |   4 |  905.8 |
       Dungeon |   3623 |   3518 |    105 |      0 |   2449 |   4 |  905.8 |
               +--------+--------+--------+--------+--------+-----+--------+

Top non-repeatable levels by time:
     D:1: 1225 daAuts
     D:3: 1036 daAuts
     D:2: 796 daAuts
     D:4: 564 daAuts
